 Dungeon Crawl Stone Soup version 0.30.0-29-ga12c61a403 (webtiles) character file.

Game seed: 4216174097445577211

41 7w4c the Trooper (level 3, 0/33 HPs)
             Began as a Hill Orc Fighter on June 14, 2023.
             Slain by a worm (8 damage)
             ... on level 2 of the Dungeon.
             The game lasted 00:04:19 (1273 turns).

7w4c the Trooper (Hill Orc Fighter)                 Turns: 1273, Time: 00:04:19

Health: 0/33       AC:  7    Str: 20    XL:     3   Next: 52%
Magic:  3/3        EV:  6    Int:  8    God:
Gold:   44         SH:  4    Dex: 10    Spells: 2/2 levels left

rFire   . . .        a - +0 trident
rCold   . . .        c - +0 buckler
rNeg    . . .        b - +0 scale mail
rPois   .            (no helmet)
rElec   .            (no cloak)
rCorr   .            (no gloves)
SInv    .            (no boots)
Will    .....        (no amulet) Stlth
                     (no ring)
HPRegen 0.25/turn    (no ring)
MPRegen 0.08/turn

%: no passive effects
@: constricted
A: no striking features
a: no special abilities


You were on level 2 of the Dungeon.
You visited 1 branch of the dungeon, and saw 2 of its levels.

You collected 44 gold pieces.

Inventory:

Hand Weapons
 a - a +0 trident (weapon)
Armour
 b - a +0 scale mail (worn)
 c - a +0 buckler (worn)
Jewellery
 j - an amulet of faith
Scrolls
 f - a scroll of amnesia
 g - a scroll of magic mapping {unknown}
 i - a scroll of brand weapon {unknown}
Potions
 d - a potion of might
 h - 2 potions of berserk rage {unknown}


   Skills:
 + Level 4.0 Fighting
 + Level 2.8 Polearms
 + Level 3.7 Armour
 + Level 0.1 Dodging
 + Level 3.7 Shields


You had 2 spell levels left.
You didn't know any spells.
Your spell library contained the following spells:

 Spells                   Type           Power      Damage    Failure   Level
 Ensorcelled Hibernation  Hex/Ice        0%         N/A       92%         2
 Spider Form              Tmut/Pois      0%         N/A       99%         3
 Anguish                  Hex/Necr       0%         N/A       100%        4


Dungeon Overview and Level Annotations

Branches:
Dungeon (2/15)

Altars:


Message History

The ball python bites you. The ball python barely misses you.
The worm closely misses you.
You hit the worm.
The worm is moderately wounded.
You block the ball python's attack. The ball python barely misses you.
The worm completely misses you.
You barely miss the worm.
The worm is moderately wounded.
The ball python bites you but does no damage.
The ball python closely misses you. The ball python barely misses you.
The ball python closely misses you.
You hit the worm but do no damage.
The worm is moderately wounded.
The ball python closely misses you. You block the ball python's attack.
The worm barely misses you.
You hit the worm but do no damage.
The worm is moderately wounded.
You block the ball python's attack. The ball python barely misses you.
The worm bites you but does no damage.
The ball python bites you but does no damage.
The ball python barely misses you.
You puncture the worm!
The worm is heavily wounded.
You block the ball python's attack. The ball python grabs you.
The ball python constricts you. You block the worm's attack.
You hit the worm.
The worm is heavily wounded.
The ball python bites you but does no damage.
The ball python constricts you.
You hit the worm.
The worm is severely wounded.
The ball python bites you. The ball python constricts you. The worm bites you.
* * * LOW HITPOINT WARNING * * *
The ball python bites you but does no damage.
The ball python constricts you.
You hit the worm.
The worm is almost dead.
The ball python bites you but does no damage.
The ball python constricts you. The worm bites you!
You die...

#..(.<....(....#
#.######.#####.#
#.# ##.# .. ...
... .. ##... ...
#. . ##### #.#
.. ... #.#
.##...
#.##?.....
######.@w.....#
##....?.S).##.##
#...###.....#
..#.......#.#.#
#...###.......#
## #..##.###
#..# .# # #..# #
#.## ##.####..#


You could see a worm and a ball python.

Vanquished Creatures
  An adder (D:2)
  2 dart slugs
  2 bats (D:1)
  2 endoplasms (D:2)
  5 goblins
  6 hobgoblins
  3 kobolds (D:1)
  2 quokkas (D:1)
  A rat (D:1)
24 creatures vanquished.

Notes
Turn   | Place    | Note
-------+----------+-------------------------------------------
     0 | D:1      | 7w4c the Hill Orc Fighter began the quest for the Orb.
     0 | D:1      | Reached XP level 1. HP: 19/19 MP: 1/1
   356 | D:1      | Reached XP level 2. HP: 27/27 MP: 2/2
   671 | D:1      | Found a faded altar of an unknown god.
  1052 | D:2      | Reached skill level 4 in Fighting
  1087 | D:2      | Reached XP level 3. HP: 20/33 MP: 3/3
  1273 | D:2      | Slain by a worm

Illustrated notes

Levels and vault maps discovered:
D:1:      mrwooster_arrival_arrow, layout_basic,
          chequers_ecumenical_altar_lobes, minmay_close_crescents
D:2:      layout_loops_ring, minmay_misc_feat_pillars

Skill      XL: |  1  2 |
---------------+-------+-----
Fighting       | 4 |  4.0
Polearms       | |  2.8
Armour         | |  3.7
Dodging        | |  0.1
Shields        | |  3.7

Action                     || total
---------------------------++-------
  Melee: Trident           ||    78
    Use: Scroll            ||     2
         Potion            ||     2
 Armour: Scale mail        ||    41
  Dodge: Dodged            ||    36
  Block: Buckler           ||    20
